 Dungeon Crawl Stone Soup version 0.27.1-4-g1640c2035a (webtiles) character file.

Game seed: 15531937873670242209

9 Destapler the Skirmisher (level 2, 25/25 HPs)
             Began as a Palentonga Fighter on Nov 8, 2021.
             Was a Follower of Jiyva.
             Got out of the dungeon alive.
             The game lasted 00:02:11 (794 turns).

Destapler the Skirmisher (Palentonga Fighter)        Turns: 794, Time: 00:02:11

Health: 25/25      AC:  6    Str: 19    XL:     2   Next: 6%
Magic:  2/2        EV:  5    Int:  8    God:    Jiyva [*.....]
Gold:   23         SH:  8    Dex:  9    Spells: 1/1 levels left

rFire    . . .     SeeInvis +   a - +0 flail
rCold    . . .     Faith    .   c - +0 kite shield
rNeg     . . .     Spirit   .   b - +0 scale mail
rPois    .         Reflect  .   (no helmet)
rElec    .         Harm     .   (no cloak)
rCorr    +         Rampage  .   (no gloves)
Will     .....                  (no barding)
Stlth    ..........             (no amulet)
HPRegen  0.08/turn              h - ring of resist corrosion
MPRegen  0.08/turn              (no ring)

@: no status effects
A: large, rugged brown scales 3, see invisible, deformed body, roll 1, armoured
tail
a: Rolling Charge, Renounce Religion, Request Jelly


You escaped.
You worshipped Jiyva.
Jiyva was aware of your devotion.
You visited 1 branch of the dungeon, and saw 1 of its levels.

You collected 23 gold pieces.

Inventory:

Hand Weapons
 a - a +0 flail (weapon)
Armour
 b - a +0 scale mail (worn)
 c - a +0 kite shield (worn)
Jewellery
 h - a ring of resist corrosion (left hand)
Scrolls
 e - a scroll of magic mapping {unknown}
 f - 2 scrolls of identify {unknown}
 g - a scroll of enchant armour {unknown}
Potions
 d - a potion of might
 i - a potion of cancellation {unknown}


   Skills:
 + Level 3.1 Fighting
 + Level 2.2 Maces & Flails
 + Level 2.5 Armour
 + Level 2.5 Shields


You had one spell level left.
You didn't know any spells.
Your spell library contained the following spells:

 Spells                   Type           Power      Damage    Failure   Level
 Foxfire                  Conj/Fire      0%         2x1d4     99%         1


Dungeon Overview and Level Annotations

Branches:
Dungeon (1/15)

Altars:
Jiyva

Shops:
D:1 !


Innate Abilities, Weirdness & Mutations

You are completely covered in rugged brown scales. (AC +3, +7% HP)
You have supernaturally acute eyesight. (SInv)
Armour fits poorly on your strangely shaped body.
You can roll at nearby foes to attack.
You have a long armoured tail.


Message History

There's nothing you can charge at!
You barely miss the kobold. The kobold hits you but does no damage.
You closely miss the kobold.
The kobold hits you but does no damage. x2
You hit the kobold.
You kill the kobold!
You have reached level 2!
Things that are here:
a +0 dagger; a kobold corpse
Found a stone staircase leading down.
Found Juujoxte's Distillery.
An endoplasm comes into view.
The endoplasm quivers.
An endoplasm is nearby!
There is an entrance to Juujoxte's Distillery here.
You can access your shopping list by pressing '$'.
You hit the endoplasm.
The endoplasm is lightly wounded.
The endoplasm freezes you.
You are frozen.
You block the endoplasm's attack.
You sock the endoplasm!
You kill the endoplasm!
Found a dagger.
Found 24 gold pieces.
There is a stone staircase leading down here.
Found a dagger.
You see here a +0 ring mail.
There is a shaft here.
Partly explored, can't reach some items and places.
There is a faded altar of an unknown god here.
You cannot tell which god this altar belongs to.
Convert to them anyway?
Jiyva accepts your prayer! Jiyva welcomes you! Jiyva grants you a jelly!
You can now request a jelly.
Unknown command.
Press < or > to pray at altars.
You swap places.
You hear a distant slurping noise.
There is a staircase leading out of the dungeon here.
Are you sure you want to leave the Dungeon?
This will make you lose the game!
You have escaped!

#.# #######.######.
#####.############# #....
#..............######....
#..............##........
#########..#####.####..###.#.....
#......##..#...........# #.#..#..
#.####.....#........#..# #.#.....
#.##...##..#........#..###.#.###.
#.##.####..#....@...#..##........
#.##.####..#........#..##.#####..
#......##..#........#.....# #..
####.####..(........#..#### #..
#...# #..####.#####..# #.. #.###
#..............# #.. #.#
#..............########.. #.#
##########.######)....... #.#
##########.######........


There were no monsters in sight!

Vanquished Creatures
  An endoplasm (D:1)
  A goblin (D:1)
  A hobgoblin (D:1)
  3 bats (D:1)
  A frilled lizard (D:1)
  2 kobolds (D:1)
  2 rats (D:1)
11 creatures vanquished.

Vanquished Creatures (others)
  A kobold (D:1)
1 creature vanquished.

Grand Total: 12 creatures vanquished

Notes
Turn   | Place    | Note
-------+----------+-------------------------------------------
     0 | D:1      | Destapler the Palentonga Fighter began the quest for the
                  | Orb.
     0 | D:1      | Reached XP level 1. HP: 19/19 MP: 1/1
   117 | D:1      | Found a faded altar of an unknown god.
   126 | D:1      | Got Plato's Papyrus of Ignition
   516 | D:1      | Reached XP level 2. HP: 25/25 MP: 2/2
   534 | D:1      | Found Juujoxte's Distillery.
   771 | D:1      | Became a worshipper of Jiyva Japuif the Shapeless
   771 | D:1      | Reached * piety under Jiyva
   794 | D:$      | Got out of the dungeon alive.

Illustrated notes

Levels and vault maps discovered:
D:1:      lemuel_arrival_room, layout_loops_cross,
          shapermc_ecumenical_altar_rom_forum, serial_shops,
          nicolae_square_shop, minmay_misc_feat_five, lemuel_flame_loot_1

Action                   || total
-------------------------++-------
Melee: Flail             ||    28
       Tailslap          ||     4
 Abil: Rolling Charge    ||     9
Armor: Scale mail        ||    22
Dodge: Dodged            ||     3
Block: Kite shield       ||    12
